 Dungeon Crawl Stone Soup version 0.27.0-1-g7a089689b8 (webtiles) character file.

Game seed: 11394018119106072414

140 tilp the Cudgeller (level 5, -2/54 HPs)
             Began as an Ogre Delver on Aug 6, 2021.
             Slain by a black bear (3 damage)
             ... on level 4 of the Dungeon.
             The game lasted 00:05:41 (3415 turns).

tilp the Cudgeller (Ogre Delver)                    Turns: 3415, Time: 00:05:42

Health: -2/54      AC:  3    Str: 17    XL:     5   Next: 23%
Magic:  5/5        EV: 10    Int: 11    God:
Gold:   162        SH:  0    Dex: 10    Spells: 4/4 levels left

rFire    . . .     SeeInvis .   a - +0 morningstar
rCold    . . .     Faith    .   (no shield)
rNeg     . . .     Spirit   .   h - +0 robe
rPois    .         Reflect  .   (helmet restricted)
rElec    .         Harm     .   (no cloak)
rCorr    .         Rampage  .   (gloves unavailable)
Will     .....                  (boots unavailable)
Stlth    ++........             (no amulet)
HPRegen  0.18/turn              (no ring)
MPRegen  0.09/turn              (no ring)

@: no status effects
A: large, unfitting armour, tough skin 1
a: no special abilities


You were on level 4 of the Dungeon.
You visited 1 branch of the dungeon, and saw 5 of its levels.

You collected 162 gold pieces.

Inventory:

Hand Weapons
 a - a +0 morningstar (weapon)
Missiles
 f - 16 poisoned darts (quivered)
Armour
 h - a +0 robe (worn)
Wands
 g - a wand of digging (2)
Scrolls
 b - a scroll of enchant weapon {unknown}
 c - a scroll of fog
Potions
 d - a potion of brilliance {unknown}
 e - 3 potions of curing {unknown}
 i - a potion of experience {unknown}
 j - a potion of mutation {unknown}
 k - 2 potions of attraction {unknown}
 l - a potion of haste


   Skills:
 + Level 4.3 Fighting
 * Level 4.3 Maces & Flails
 + Level 2.1 Dodging
 + Level 3.9 Stealth


You had 4 spell levels left.
You didn't know any spells.
Your spell library was empty.

Dungeon Overview and Level Annotations

Branches:
Dungeon (5/15)             Temple (0/1) D:5

Altars:
Cheibriados
Lugonu

Shops:
D:1 :   D:2 [

Portals:
Abyss: D:1

Annotations:
D:1 dig vault (abyss)
D:3 Grinder, Purgy


Innate Abilities, Weirdness & Mutations

You are too large for most types of armour.
You have tough skin. (AC +1)


Message History

Unknown command.
Aiming: Iceblast
Press: ? - help, Shift-Dir - straight line, f/p - black bear
Aim: a black bear (heavily wounded)
The mass of ice explodes!
The iceblast engulfs the black bear!
The black bear is almost dead.
The now-empty wand crumbles to dust.
You hear a bark!
The black bear goes berserk!
Unknown command.
Unknown command.
Throw: 17 darts (poison)
Press: ? - help, Q - select action Shift-Dir - straight line, f/p - black bear
Aim: a black bear (almost dead, berserk, 65% to hit)
You throw a poisoned dart. The poisoned dart hits the black bear.
The black bear is poisoned.
The black bear is almost dead.
The black bear bites you but does no damage.
The black bear claws you. x2
You hear a bark! x2
You closely miss the black bear.
The black bear is almost dead.
The black bear closely misses you.
The black bear claws you but does no damage.
The black bear claws you. The black bear bites you!
* * * LOW HITPOINT WARNING * * *
The black bear claws you.
* * * LOW HITPOINT WARNING * * *
The black bear claws you but does no damage.
You barely miss the black bear.
The black bear is almost dead.
The black bear bites you.
* * * LOW HITPOINT WARNING * * *
The black bear claws you but does no damage.
The black bear claws you.
* * * LOW HITPOINT WARNING * * *
The black bear bites you.
* * * LOW HITPOINT WARNING * * *
The black bear claws you.
You die...

### ....$......
...###.........
...$.#.......#
............###
##............##
#..##.....###..#
#...........##.##
.###........#..h(..#
....#.....#..<..@##...#
#.#.....####......#=.>....
#.#....####...........#....
#.......#.#....##.#.####h..
#...........#...###.# ...
#...............# #.# ..
##.........##..## ..#
...>...........#
............#..# ..


You could see a black bear (berserk, poisoned).

Vanquished Creatures
  A hound (D:3)
  2 adders
  A worm (D:2)
  3 dart slugs
  7 orcs (D:3)
  7 ball pythons
  7 endoplasms
  2 giant cockroaches (D:1)
  8 goblins
  3 hobgoblins
  7 jackals
  5 kobolds
  4 quokkas
  2 bats (D:1)
  4 frilled lizards
  8 rats
71 creatures vanquished.

Vanquished Creatures (others)
  A hobgoblin (D:4)
1 creature vanquished.

Grand Total: 72 creatures vanquished

Notes
Turn   | Place    | Note
-------+----------+-------------------------------------------
     0 | D:5      | tilp the Ogre Delver began the quest for the Orb.
     0 | D:5      | Reached XP level 1. HP: 24/24 MP: 1/1
    45 | D:5      | Noticed a yak
    46 | D:5      | Noticed a yak
    46 | D:5      | Noticed a yak
   413 | D:3      | Noticed a hound
   424 | D:3      | Killed a hound
   425 | D:3      | Reached XP level 2. HP: 15/32 MP: 2/2
   425 | D:3      | Reached XP level 3. HP: 19/39 MP: 3/3
   931 | D:1      | Found a faded altar of an unknown god.
   961 | D:1      | Found Wasusikk's Book Boutique.
   965 | D:1      | Reached XP level 4. HP: 44/48 MP: 4/4
  1692 | D:1      | Found a one-way gate to the infinite horrors of the Abyss.
  1692 | D:1      | Found a corrupted altar of Lugonu.
  1692 | D:1      | Noticed a demonic crawler
  1936 | D:2      | Found Axof Ose's Antique Armour Boutique.
  2118 | D:2      | Found a snail-covered altar of Cheibriados.
  2579 | D:3      | Reached XP level 5. HP: 49/54 MP: 5/5
  2605 | D:3      | Noticed Purgy
  3055 | D:3      | Noticed Grinder
  3060 | D:3      | Paralysed by Grinder for 6 turns
  3405 | D:4      | Noticed a black bear
  3415 | D:4      | HP: 1/54 [black bear (6)]
  3415 | D:4      | Slain by a black bear

Illustrated notes

Levels and vault maps discovered:
D:1:      erik_arrival_cave_to_civilisation [erik_arrival_cave_to_temple],
          layout_rooms, ebering_ecumenical_altar_box, serial_shops, shop,
          kennysheep_flooded_box
D:2:      cheibrodos_old_hovel, layout_loops_ring, basic_altar, serial_shops,
          shop, minmay_misc_feat_doors, nicolae_underground_beach
D:3:      layout_rooms, uniq_purgy, uniq_grinder
D:4:      minmay_chambers_of_fours, layout_cave_pools, makhleb_heckhound_becter,
          uniq_natasha
D:5:      layout_rooms, minmay_temple_entry_drinking_statues, serial_curves,
          eino_curves_01, eino_curves_04, corexii_hall_statues_t

Skill      XL: |  1  2  3  4 |
---------------+-------------+-----
Maces & Flails | 3 4 |  4.3
Dodging        | 2 |  2.1
Fighting       | |  4.3
Stealth        | |  3.9

Action                   |  1- 3 |  4- 6 || total
-------------------------+-------+-------++-------
Melee: Mace              |    40 |       ||    40
       Morningstar       |    16 |   132 ||   148
Throw: Dart              |     4 |     6 ||    10
Evoke: Wand              |     1 |     2 ||     3
  Use: Scroll            |     2 |     4 ||     6
       Potion            |     1 |       ||     1
 Stab: Sleeping          |     3 |     4 ||     7
Armor: Robe              |    15 |    45 ||    60
Dodge: Dodged            |    16 |    72 ||    88
